 Dungeon Crawl Stone Soup version 0.20.1-1-g8b1a95d (webtiles) character file.

36 MrModeste the Skirmisher (level 3, 0/30 HPs)
             Began as a Formicid Abyssal Knight on July 13, 2017.
             Was a Follower of Lugonu.
             Slain by an adder (3 damage)
             ... on level 2 of the Dungeon.
             The game lasted 00:01:27 (1126 turns).

MrModeste the Skirmisher (Formicid Abyssal Knight)  Turns: 1126, Time: 00:01:28

Health: 0/30       AC:  3    Str: 16    XL:     3   Next: 57%
Magic:  4/4        EV:  8    Int: 11    God:    Lugonu [*.....]
Gold:   63         SH:  0    Dex: 11    Spells: 2/2 levels left

rFire    . . .     SeeInvis +   a - +1 mace
rCold    . . .     Gourm    .   (no shield)
rNeg     . . .     Faith    .   b - +0 leather armour
rPois    .         Spirit   .   (helmet unavailable)
rElec    .         Reflect  .   (no cloak)
rCorr    .         Harm     .   (no gloves)
MR       .....                  (no boots)
Stlth    +.........             (no amulet)
Regen    0.1/turn               (no ring)
MPRegen  0.1/turn               (no ring)

@: lethally poisoned (0 -> -8), constricted
A: permanent stasis, dig shafts and tunnels, four strong arms, antennae 3
a: Dig, Shaft Self, Depart the Abyss, Renounce Religion


You were on level 2 of the Dungeon.
You worshipped Lugonu.
Lugonu was aware of your devotion.
You were not hungry.

You visited 1 branch of the dungeon, and saw 2 of its levels.
You visited the Abyss 1 time.

You collected 63 gold pieces.

Inventory:

Hand Weapons
 a - a +1 mace (weapon)
Armour
 b - a +0 leather armour (worn)
Scrolls
 e - a scroll of identify {unknown}
 i - a scroll of recharging {unknown}
Potions
 j - 2 potions of brilliance {unknown}
Comestibles
 c - 3 bread rations
 d - 3 meat rations
 f - a chunk of flesh
 g - a royal jelly
 h - 3 fruits


   Skills:
 + Level 4.1 Fighting
 + Level 2.9 Maces & Flails
 - Level 2.1 Armour
 - Level 0.8 Dodging
 - Level 2.1 Invocations


You had 2 spell levels left.
You didn't know any spells.

Dungeon Overview and Level Annotations

Branches:
Dungeon (2/15)

Altars:


Innate Abilities, Weirdness & Mutations

You cannot be hasted, slowed, berserked, paralysed or teleported.
You can dig through walls and to a lower floor.
Your four strong arms can wield two-handed weapons with a shield.
You have a pair of large antennae on your head. (SInv)


Message History

The leopard gecko bites you. The adder bites you but does no damage.
The ball python bites you. The ball python constricts you.
The leopard gecko barely misses you.
You closely miss the adder. The adder bites you.
You are poisoned.
The adder poisons you! The ball python barely misses you.
The ball python constricts you. The adder barely misses you.
The leopard gecko bites you but does no damage.
You barely miss the adder.
You feel sick.
The ball python bites you but does no damage.
* * * LOW HITPOINT WARNING * * *
The ball python constricts you. The adder bites you.
* * * LOW HITPOINT WARNING * * *
You are lethally poisoned!
The adder poisons you!
The leopard gecko bites you but does no damage.
The ball python bites you.
* * * LOW HITPOINT WARNING * * *
The ball python constricts you. The adder bites you.
You die...

### ... #.#
#.# # #.#
##.####.#
......l.#
......S@#
##.####S# #<#
#...# #.....#
#........
...........
#.........#...
#........##.#.


You could see an adder, a leopard gecko and a ball python.

Vanquished Creatures
  An adder (D:2)
  2 dart slugs (D:1)
  3 leopard geckos (D:1)
  A bat (D:1)
  2 goblins (D:1)
  2 hobgoblins (D:1)
  A kobold (D:1)
  2 frilled lizards (D:1)
  8 rats (D:1)
22 creatures vanquished.

Notes
Turn   | Place    | Note
-------+----------+-------------------------------------------
     0 | Abyss:1  | MrModeste the Formicid Abyssal Knight began the quest for the Orb.
     0 | Abyss:1  | Reached XP level 1. HP: 18/18 MP: 2/2
     0 | D:1      | Escaped the Abyss
   133 | D:1      | Reached * piety under Lugonu
   136 | D:1      | Reached XP level 2. HP: 23/24 MP: 3/3
   744 | D:1      | Reached XP level 3. HP: 30/30 MP: 4/4
   765 | D:1      | Reached skill level 4 in Fighting
  1126 | D:2      | HP: 3/30 [ball python (1)]
  1126 | D:2      | Slain by an adder

Skill      XL: |  1  2  3 |
---------------+----------+-----
Fighting       | 4 |  4.1
Maces & Flails | |  2.9
Armour         | |  2.1
Dodging        | |  0.8
Invocations    | |  2.1

Action                   || total
-------------------------++-------
Melee: Mace              ||    74
Invok: Depart the Abyss  ||     1
  Eat: Chunk             ||     1
Armor: Leather armour    ||    26
Dodge: Dodged            ||    62
